 Dungeon Crawl Stone Soup version 0.30-a0-728-gc68057be0a (webtiles) character file.

Game seed: 10985095667144415531

186 hikkokomori the Stinger (level 5, -3/35 HPs)
             Began as a Merfolk Wanderer on Jan 30, 2023.
             Slain by a black bear (6 damage)
             ... on level 4 of the Dungeon.
             The game lasted 00:05:45 (2978 turns).

hikkokomori the Stinger (Merfolk Wanderer)          Turns: 2978, Time: 00:05:46

Health: -3/35      AC:  4    Str: 20    XL:     5   Next: 66%
Magic:  5/8        EV: 11    Int: 13    God:
Gold:   189        SH:  4    Dex: 12    Spells: 6/8 levels left

rFire   . . .      SeeInvis .    h - +0 short sword (vamp)
rCold   . . .      Faith    .    (no shield)
rNeg    . . .      Spirit   .    c - +0 leather armour
rPois   .          Reflect  .    (no helmet)
rElec   .          Harm     .    o - +0 cloak
rCorr   .          Rampage  .    (no gloves)
Will    .....                    (no boots)
Stlth   ++                       (no amulet)
HPRegen 0.25/turn                g - +6 ring of strength
MPRegen 0.11/turn                (no ring)

@: no status effects
A: (nimble swimmer 2), mertail, large bone plates 1, frail 1
a: no special abilities


You were on level 4 of the Dungeon.
You visited 1 branch of the dungeon, and saw 4 of its levels.

You collected 189 gold pieces.

Inventory:

Hand Weapons
 a - a +0 club
 h - a +0 vampiric short sword (weapon)
Armour
 c - a +0 leather armour (worn)
 l - a +0 helmet
 o - a +0 cloak (worn)
Jewellery
 g - a +6 ring of strength (left hand)
 n - a ring of fire
 s - an amulet of reflection
Scrolls
 f - a scroll of enchant armour {unknown}
 k - a scroll of immolation {unknown}
 m - a scroll of torment {unknown}
 p - a scroll of blinking {unknown}
 r - a scroll of identify {unknown}
 u - a scroll of teleportation {unknown}
 v - a scroll of fog {unknown}
 x - a scroll of enchant weapon {unknown}
Potions
 i - 2 potions of curing
 q - a potion of brilliance {unknown}
 t - a potion of lignification {unknown}
 w - a potion of degeneration {unknown}
Miscellaneous
 d - a piece from Xom's chessboard (15/15) (quivered)


   Skills:
 + Level 2.3 Fighting
 + Level 1.7 Short Blades
 - Level 1.3 Dodging
 + Level 3.0 Stealth
 + Level 2.4 Spellcasting
 - Level 1.6 Conjurations
 + Level 2.1 Transmutations
 - Level 5.4 Poison Magic
 - Level 1.0 Evocations


You had 6 spell levels left.
You knew the following spells:

 Your Spells              Type           Power      Damage    Failure   Level
a - Sting                 Tmut/Pois      44%        1d5       6%          1
b - Foxfire               Conj/Fire      12%        2x1d4     22%         1

Your spell library contained the following spells:

 Spells                   Type           Power      Damage    Failure   Level
 Poisonous Vapours        Pois/Air       16%        N/A       14%         2
 Magic Dart               Conj           20%        1d4       16%         1
 Cigotuvi's Dreadful Rot  Necr/Pois/Air  12%        N/A       21%         2
 Mephitic Cloud           Conj/Pois/Air  7%         N/A       32%         3
 Call Imp                 Summ           1%         N/A       41%         2


Dungeon Overview and Level Annotations

Branches:
Dungeon (4/15)
 Temple: D:4-7

Altars:

Shops:
D:1 !

Annotations:
D:2 1 runed translucent door, Crazy Yiuf


Innate Abilities, Weirdness & Mutations

((You are very nimble when in or above water. (Stealth+, EV+, Speed+++)))
Your lower body shifts to a powerful aquatic tail in water.
You are partially covered in large bone plates. (SH +4)
You are frail. (-10% HP)


Message History

The black bear is heavily wounded.
The black bear bites you but does no damage.
The black bear barely misses you. The black bear misses you.
You hit the black bear.
You feel better.
The black bear is severely wounded.
The black bear closely misses you.
The black bear claws you but does no damage.
You block the black bear's attack.
You hit the black bear.
The black bear is severely wounded.
The black bear goes berserk!
Cast which spell? (? or * to list)
Aiming: Sting (safe; 6% risk of failure)
Press: ? - help, Shift-Dir - straight line, f - black bear
Aim: a black bear (severely wounded, berserk, 79% to hit)
The sting hits the black bear.
The black bear is poisoned.
The black bear is severely wounded.
The black bear bites you but does no damage.
You block the black bear's attack. The black bear claws you.
Casting: Sting (safe; 6% risk of failure)
Confirm with . or Enter, or press ? or * to list all spells.
Aiming: Sting (safe; 6% risk of failure)
Press: ? - help, Shift-Dir - straight line, f/p - black bear
Aim: a black bear (severely wounded, berserk, poisoned, 79% to hit)
The sting misses the black bear.
You block the black bear's attack. The black bear closely misses you.
The black bear claws you but does no damage.
The black bear bites you. The black bear claws you. x2
* * * LOW HITPOINT WARNING * * *
Casting: Sting (safe; 6% risk of failure)
Confirm with . or Enter, or press ? or * to list all spells.
Aiming: Sting (safe; 6% risk of failure)
Press: ? - help, Shift-Dir - straight line, f/p - black bear
Aim: a black bear (almost dead, berserk, poisoned, 79% to hit)
The sting hits the black bear.
The black bear looks even sicker.
The black bear is almost dead.
The black bear bites you!
* * * LOW HITPOINT WARNING * * *
The black bear barely misses you. The black bear claws you.
You die...

##..#####............#
##.........)#########
######.?...###
#.......>. #.#...####
#.##..# #.# #.#
#.###.# #..@h.#
#..#### #..# #..# #..#
#..# #... #.##


You could see a black bear (berserk, very poisoned).

Vanquished Creatures
  A phantom (D:4)
  5 adders
  A worm (D:2)
  An orc (D:3)
  9 ball pythons
  6 bats
  7 endoplasms
  3 giant cockroaches
  8 goblins
  3 hobgoblins
  4 quokkas
  3 frilled lizards
  6 kobolds
  3 rats
60 creatures vanquished.

Notes
Turn   | Place    | Note
-------+----------+-------------------------------------------
     0 | D:1      | hikkokomori the Merfolk Wanderer began the quest for the
                  | Orb.
     0 | D:1      | hikkokomori set off with the following items: a +0 club, a
                  | scroll of butterflies, a +0 leather armour, a piece from
                  | Xom's chessboard (15/15); and the following spells
                  | available to memorise: Sting, Cigotuvi's Dreadful Rot,
                  | Foxfire, Mephitic Cloud.
     0 | D:1      | Reached XP level 1. HP: 13/13 MP: 2/2
     2 | D:1      | Learned a level 1 spell: Sting
     4 | D:1      | Learned a level 1 spell: Foxfire
    92 | D:1      | Found a faded altar of an unknown god.
   245 | D:1      | Reached XP level 2. HP: 20/20 MP: 3/3
   381 | D:1      | Reached skill level 1 in Fighting
   593 | D:1      | Reached XP level 3. HP: 26/26 MP: 5/5
   775 | D:1      | Found Moxosaef's Distillery.
  1665 | D:2      | Reached XP level 4. HP: 25/32 MP: 6/6
  1852 | D:2      | Found a runed translucent door.
  1853 | D:2      | Noticed Crazy Yiuf
  2099 | D:3      | Reached skill level 1 in Transmutations
  2384 | D:3      | Reached skill level 1 in Short Blades
  2723 | D:4      | Noticed a phantom
  2840 | D:4      | Gained mutation: You are occasionally teleported next to
                  | monsters. [potion of mutation]
  2840 | D:4      | Gained mutation: You are resistant to electric shocks.
                  | (rElec) [potion of mutation]
  2840 | D:4      | Gained mutation: You have a pair of small horns on your
                  | head. [potion of mutation]
  2854 | D:4      | Killed a phantom
  2855 | D:4      | Reached XP level 5. HP: 10/39 MP: 8/8
  2855 | D:4      | Lost mutation: You are resistant to electric shocks.
                  | (rElec) [potion of mutation]
  2855 | D:4      | Lost mutation: You have a pair of small horns on your head.
                  | [potion of mutation]
  2855 | D:4      | Lost mutation: You are occasionally teleported next to
                  | monsters. [potion of mutation]
  2855 | D:4      | Gained mutation: You are frail. (-10% HP) [potion of
                  | mutation]
  2855 | D:4      | Gained mutation: You are partially covered in large bone
                  | plates. (SH +4) [potion of mutation]
  2893 | D:4      | Noticed a black bear
  2978 | D:4      | Slain by a black bear

Illustrated notes

Levels and vault maps discovered:
D:1:      shiori_arrival_elements, layout_basic,
          shapermc_ecumenical_altar_ellora, serial_shops,
          nicolae_shop_hallway_stairs, minmay_tromino_v4_a
D:2:      layout_loops_ring, uniq_crazy_yiuf_cottage
D:3:      layout_rooms
D:4:      minmay_clustersquares, layout_loops_ring,
          minmay_temple_entry_from_below_a

Skill      XL: |  1  2  3  4 |
---------------+-------------+-----
Fighting       | 1 2 |  2.3
Stealth        | 2 3 |  3.0
Transmutations | 2 |  2.1
Spellcasting   | 2 |  2.4
Short Blades   | 1 |  1.7
Dodging        | |  1.3
Conjurations   | |  1.6
Poison Magic   | |  5.4
Evocations     | |  1.0

Action                     |  1- 3 |  4- 6 || total
---------------------------+-------+-------++-------
  Melee: Club              |    50 |       ||    50
         Punch             |     2 |     1 ||     3
         Short sword       |   140 |   163 ||   303
         Headbutt          |       |     3 ||     3
   Cast: Sting             |       |     3 ||     3
  Evoke: Piece from Xom's  |       |     4 ||     4
    Use: Potion            |       |     4 ||     4
         Scroll            |       |     1 ||     1
   Stab: Sleeping          |     5 |     4 ||     9
 Armour: Leather armour    |    53 |    63 ||   116
  Dodge: Dodged            |    99 |    97 ||   196
  Block: Other             |       |     6 ||     6

Table legend: (Time is in decaauts)
 A = Elapsed time spent in this place.
 B = Non-inter-level travel time spent in this place.
 C = Inter-level travel time spent in this place.
 D = Time resting spent in this place.
 E = Time spent auto-exploring this place.
 F = Levels seen in this place.
 G = Mean time per level.
                   A        B        C        D        E       F      G
               +--------+--------+--------+--------+--------+-----+--------+
         Total |   2985 |   2892 |     93 |     94 |   2059 |   4 |  746.2 |
       Dungeon |   2985 |   2892 |     93 |     94 |   2059 |   4 |  746.2 |
               +--------+--------+--------+--------+--------+-----+--------+

Top non-repeatable levels by time:
     D:2: 1091 daAuts
     D:1: 971 daAuts
     D:3: 680 daAuts
     D:4: 243 daAuts
